 Dungeon Crawl Stone Soup version 0.18-a0-977-ge0e037f (webtiles) character file.

79 Oddball22 the Inquisitive (level 4, -5/22 HPs)
             Began as a Spriggan Artificer on Jan 3, 2016.
             Was a Follower of Pakellas.
             Shot with a stone by a goblin (8 damage)
             ... on level 3 of the Dungeon.
             The game lasted 00:07:50 (2081 turns).

Oddball22 the Inquisitive (Spriggan Artificer)      Turns: 2081, Time: 00:07:50

Health: -5/22      AC:  2    Str:  7    XL:     4   Next: 17%
Magic:  8/8        EV: 17    Int: 13    God:    Pakellas [*.....]
Gold:   136        SH:  0    Dex: 17    Spells: 0 memorised, 3 levels left

rFire  . . .     SeeInvis +     j - +0 dagger (speed)
rCold  . . .     Gourm    .     b - +0 robe
rNeg   . . .     Faith    .     (shield restricted)
rPois  .         Spirit   .     (helmet restricted)
rElec  .         Dismiss  .     (no cloak)
rCorr  .         Reflect  .     (gloves unavailable)
SustAt .         Harm     .     (boots unavailable)
MR     .....                    (no amulet)
Stlth  +++.......               l - +3 ring of evasion
                                i - ring of flight

@: lethally poisoned (-5 -> -9), very quick, not resistant to hostile
enchantments, fairly stealthy
A: unfitting armour, see invisible, herbivore 3, speed 3, slow metabolism 2
a: Quick Charge, Renounce Religion, Evoke Flight


You were on level 3 of the Dungeon.
You worshipped Pakellas.
Pakellas was aware of your devotion.
You were not hungry.

You visited 1 branch of the dungeon, and saw 3 of its levels.

You collected 136 gold pieces.

Inventory:

Hand Weapons
 j - a +0 dagger of speed (weapon)
Armour
 b - a +0 robe (worn)
Jewellery
 i - a ring of flight (left hand)
 l - a +3 ring of evasion (right hand)
Wands
 c - a wand of flame (15/48)
 d - a wand of enslavement (15/24)
 e - a wand of random effects (15/48)
Scrolls
 n - a scroll of teleportation
 o - a scroll of remove curse
Potions
 g - a potion of might
 h - a potion of heal wounds
 k - a potion of cancellation {unknown}
 m - a potion of invisibility {unknown}
Comestibles
 f - a bread ration


   Skills:
 - Level 1.5 Fighting
 * Level 2.1 Short Blades
 + Level 4.0 Dodging
 + Level 3.7 Stealth
 + Level 4.1 Evocations


You had 3 spell levels left.
You didn't know any spells.

Dungeon Overview and Level Annotations

Branches:
Dungeon (3/15)

Altars:
Dithmenos
Pakellas


Innate Abilities, Weirdness & Mutations

You are tiny and cannot use many weapons and most armour.
You have supernaturally acute eyesight.
You are a herbivore.
You cover ground extremely quickly.
You need consume almost no food.


Message History

The adder is almost dead.
The adder closely misses you.
The goblin shoots a stone.
The stone misses you.
You barely miss the adder.
The adder is almost dead.
You miss the adder.
The adder is almost dead.
The adder completely misses you.
The goblin shoots a stone.
The stone hits you but does no damage.
You hit the adder.
You kill the adder!
Pakellas accepts your kill.
* * * LOW HITPOINT WARNING * * *
You feel sick.
The goblin shoots a stone.
The stone misses you.
You see here a stone.
* * * LOW HITPOINT WARNING * * *
You feel sick.
There is a stone staircase leading up here.
The goblin shoots a stone.
The stone hits you!
You die...

.......?##..........#
#..##..##.########.#
##.......(.########.###
..[..................>#
..#..........###.#####
#..............#
.###...........#..#
.......((.........#
.##...).......@#..#####
..............#........#
..##...g......#........#
..%....########........#
.###.. #........# # #..
#........# ?.g
#........# .........#
.#..#####


You could see a goblin.

Vanquished Creatures
  3 adders
  4 giant geckos (D:2)
  2 ball pythons
  7 bats
  6 giant cockroaches
  2 goblins
  4 hobgoblins
  2 jackals (D:1)
  A quokka (D:2)
  2 giant newts (D:2)
  8 kobolds
  4 rats
45 creatures vanquished.

Notes
Turn   | Place    | Note
--------------------------------------------------------------
     0 | D:1      | Oddball22 the Spriggan Artificer began the quest for the Orb.
     0 | D:1      | Reached XP level 1. HP: 9/9 MP: 4/4
    69 | D:1      | Reached XP level 2. HP: 4/14 MP: 6/6
   864 | D:1      | Reached skill level 1 in Fighting
  1145 | D:2      | Reached XP level 3. HP: 16/18 MP: 7/7
  1194 | D:2      | Found an oddly glowing altar of Pakellas.
  1200 | D:2      | Became a worshipper of Pakellas the Inventive
  1390 | D:2      | Found a shadowy altar of Dithmenos.
  1643 | D:2      | Reached * piety under Pakellas
  1807 | D:2      | Reached XP level 4. HP: 22/22 MP: 8/8
  2081 | D:3      | Shot with a stone by a goblin

Vault maps used:
D:1:      scummos_arrival_simple_crosswalls
D:2:      grunt_pakellas_sulfur, grunt_dithmenos_smoke
D:3:      old_standard_altar, uniq_grinder, uniq_jessica

Action                   |  1- 3 |  4- 6 || total
-------------------------+-------+-------++-------
Melee: Short sword       |    80 |       ||    80
       Dagger            |    84 |    30 ||   114
  Use: Scroll            |     4 |       ||     4
       Potion            |     2 |       ||     2
 Stab: Sleeping          |    10 |     1 ||    11
